 Seeded DCSS version 0.25.1-8-g42b30a86e7 (webtiles) character file.

Game seed: 20201210 (custom seed)

151 radhat240 the Caller (level 5, -5/28 HPs)
             Began as a Deep Elf Summoner on Dec 16, 2020.
             Slain by an ice beast (8 damage)
             ... on level 5 of the Dungeon.
             The game lasted 00:28:58 (4549 turns).

radhat240 the Caller (Deep Elf Summoner)            Turns: 4549, Time: 00:28:58

Health: -5/28      AC:  7    Str:  5    XL:     5   Next: 11%
Magic:  3/14       EV: 13    Int: 21    God:
Gold:   149        SH:  0    Dex: 15    Spells: 4/13 levels left

rFire    + . .     SeeInvis .   s - +4 dagger
rCold    . . .     Gourm    .   (no shield)
rNeg     . . .     Faith    .   a - +1 robe
rPois    .         Spirit   .   (no helmet)
rElec    .         Reflect  .   (no cloak)
rCorr    .         Harm     .   p - +1 pair of gloves
MR       .....                  f - +1 pair of boots
Stlth    ++........             b - amulet of regeneration
HPRegen  0.49/turn              g - ring of protection from fire
MPRegen  0.14/turn              (no ring)

@: no status effects
A: no striking features
a: no special abilities


You were on level 5 of the Dungeon.
You were not hungry.

You visited 1 branch of the dungeon, and saw 5 of its levels.

You collected 149 gold pieces.

Inventory:

Hand Weapons
 h - a +0 hunting sling
 s - a +4 dagger (weapon)
 t - the +8 dagger "Nayrioqem" {elec, rElec rN+++ Str-5 Stlth+, unknown}
   (You found it on level 5 of the Dungeon)

   Occasionally, upon striking a foe, it will discharge some electrical energy
   and cause terrible harm.
   It affects your strength (-5).
   It insulates you from electricity.
   It renders you almost immune to negative energy.
   It makes you more stealthy.
Armour
 a - a +1 robe (worn)
 f - a +1 pair of boots (worn)
 p - a +1 pair of gloves (worn)
Jewellery
 b - an amulet of regeneration (around neck)
 g - a ring of protection from fire (left hand)
 i - an uncursed amulet of faith
Scrolls
 e - 3 scrolls of amnesia
 k - a scroll of teleportation {unknown}
 m - a scroll of blinking {unknown}
 n - a scroll of immolation {unknown}
 o - 2 scrolls of remove curse {unknown}
 q - a scroll of fear {unknown}
Potions
 d - 2 potions of curing
 j - a potion of brilliance {unknown}
 r - a potion of haste {unknown}
Comestibles
 c - 10 rations


   Skills:
 + Level 3.2 Dodging
 + Level 3.3 Stealth
 + Level 4.6 Spellcasting
 + Level 5.6 Summonings


You had 4 spell levels left.
You knew the following spells:

 Your Spells              Type           Power        Failure   Level  Hunger
a - Summon Small Mammal   Summ           ####         1%          1    None
b - Call Imp              Summ           ####....     1%          2    #......
c - Call Canine Familiar  Summ           ####....     3%          3    ##.....
d - Summon Guardian Gole  Hex/Summ       ###.....     11%         3    ##.....

Your spell library contained the following spells:

 Spells                   Type           Power        Failure   Level  Hunger
 Summon Ice Beast         Ice/Summ       ###.....     34%         4    ####...
 Summon Lightning Spire   Summ/Air       ###.....     34%         4    ####...


Dungeon Overview and Level Annotations

Branches:
Dungeon (5/15)
 Temple: D:4-7

Altars:
Dithmenos
Trog
Vehumet
Yredelemnul


Message History

You barely miss the ice beast.
The ice beast is lightly wounded.
Your crimson imp hits the leopard gecko.
The ice beast closely misses you. The hound closely misses you.
You barely miss the ice beast.
The ice beast is lightly wounded.
The hound misses you.
Your crimson imp blinks!
The ice beast closely misses you. The hound barely misses you.
You hit the ice beast.
The ice beast is lightly wounded.
The ice beast misses you. The hound bites you.
* * * LOW HITPOINT WARNING * * *
Unknown command.
You hit the ice beast but do no damage.
The ice beast is lightly wounded.
The hound barely misses you. The ice beast hits you.
* * * LOW HITPOINT WARNING * * *
The ice beast freezes you!
You die...

### ..# #######.#
#.......# #...5<#
###..§#
##.##############.#
....5...lY@hlw....5
######§#########.#.
#§# #.#.# #s# #.# #
#.# #.# #Y# #.#
#.## ... #..# #.#.


You could see an ice beast, a hound, a dart slug, a leopard gecko, a frilled
lizard and a friendly crimson imp (summoned).

Vanquished Creatures
  2 giant cockroaches (D:5)
  A frilled lizard (D:2)
3 creatures vanquished.

Vanquished Creatures (collateral kills)
  A jelly (D:5)
  2 orc wizards
  A worker ant (D:4)
  A gnoll (D:1)
  3 adders
  An ooze (D:2)
  An adder skeleton (D:4)
  3 worms
  3 dart slugs
  3 leopard geckos
  7 orcs
  6 bats (D:1)
  4 giant cockroaches
  6 goblins
  14 hobgoblins
  4 jackals
  4 frilled lizards
  7 kobolds
  A leopard gecko skeleton (D:5)
  12 rats
84 creatures vanquished.

Grand Total: 87 creatures vanquished

Notes
Turn   | Place    | Note
-------+----------+-------------------------------------------
     0 | D:1      | radhat240 the Deep Elf Summoner began the quest for the
                  | Orb.
     0 | D:1      | Reached XP level 1. HP: 10/10 MP: 6/6
   239 | D:1      | Reached XP level 2. HP: 12/15 MP: 0/8
   489 | D:1      | Learned a level 2 spell: Call Imp
   776 | D:1      | Reached skill level 5 in Summonings
  1232 | D:1      | Reached XP level 3. HP: 19/19 MP: 5/10
  1237 | D:1      | Learned a level 3 spell: Call Canine Familiar
  1815 | D:2      | Found a radiant altar of Vehumet.
  1816 | D:2      | Found a basalt altar of Yredelemnul.
  1817 | D:2      | Found a shadowy altar of Dithmenos.
  2694 | D:3      | Reached XP level 4. HP: 21/24 MP: 0/12
  2699 | D:3      | Learned a level 3 spell: Summon Guardian Golem
  4112 | D:4      | Noticed a moth of wrath
  4115 | D:4      | Found a bloodstained altar of Trog.
  4331 | D:5      | Entered Level 5 of the Dungeon
  4364 | D:5      | Got a faintly glowing dagger
  4452 | D:5      | Reached XP level 5. HP: 28/28 MP: 1/13
  4465 | D:5      | Noticed an ice beast
  4549 | D:5      | Slain by an ice beast

Illustrated notes

Levels and vault maps discovered:
D:1:      dpeg_arrival_snail, layout_basic
D:2:      layout_basic, chequers_temple_overflow_statue_of_worship,
          minmay_hedge_maze, minmay_misc_feat_five
D:3:      layout_basic
D:4:      layout_loops_ring, tgw_trog, first_ration, minmay_distorted
D:5:      layout_basic, kennysheep_nub, minmay_fractal_squares_diagonal_5,
          uniq_pikel

Skill      XL: |  1  2  3  4 |
---------------+-------------+-----
Summonings     | 5 |  5.6
Spellcasting   | 4 |  4.6
Stealth        | 3 |  3.3
Dodging        | 3 |  3.2

Action                   |  1- 3 |  4- 6 || total
-------------------------+-------+-------++-------
Melee: Unarmed           |    14 |     4 ||    18
       Dagger            |       |    17 ||    17
 Cast: Summon Small Mamm |   107 |    39 ||   146
       Call Imp          |     9 |     9 ||    18
       Call Canine Famil |     9 |     8 ||    17
  Use: Scroll            |     4 |     1 ||     5
 Stab: Distracted        |       |     1 ||     1
  Eat: Chunk             |     4 |     1 ||     5
       Ration            |     1 |     1 ||     2
Armor: Robe              |     9 |    21 ||    30
Dodge: Dodged            |    31 |    41 ||    72
